 Dungeon Crawl Stone Soup version 0.22.0-34-g4f65f92 (webtiles) character file.

229 Philosiphyzer the Cudgeler (level 6, -4/73 HPs)
             Began as a Formicid Abyssal Knight on Aug 24, 2018.
             Was a Believer of Lugonu.
             Slain by a killer bee (6 damage)
             ... on level 4 of the Dungeon.
             The game lasted 00:07:44 (4074 turns).

Philosiphyzer the Cudgeler (FoAK)                   Turns: 4074, Time: 00:07:45

Health: -4/73      AC: 23    Str: 18    XL:     6   Next: 23%
Magic:  9/9        EV:  2    Int: 12    God:    Lugonu [**....]
Gold:   242        SH:  0    Dex: 10    Spells: 5/5 levels left

rFire    + . .     SeeInvis .   s - +1 flail (holy)
rCold    + . .     Gourm    .   (no shield)
rNeg     + + +     Faith    .   (armour currently unavailable)
rPois    +         Spirit   .   (helmet unavailable)
rElec    +         Reflect  .   (cloak currently unavailable)
rCorr    +         Harm     .   (gloves currently unavailable)
MR       .....                  (boots currently unavailable)
Stlth    +.........             (no amulet)
HPRegen  0.22/turn              (no ring)
MPRegen  0.11/turn              (no ring)

@: lethally poisoned (-4 -> -9), tree-form, resistant
A: permanent stasis, dig shafts and tunnels, four strong arms
a: Depart the Abyss, Bend Space, Renounce Religion


You were on level 4 of the Dungeon.
You worshipped Lugonu.
Lugonu was pleased with you.
You were not hungry.
You were a tree.
You visited 1 branch of the dungeon, and saw 4 of its levels.
You visited the Abyss 1 time.

You collected 242 gold pieces.

Inventory:

Hand Weapons
 s - a +1 flail of holy wrath (weapon)
Missiles
 e - 44 stones (quivered)
Armour
 v - a +0 ring mail (melded)
 x - a +0 pair of boots (melded)
Jewellery
 n - a cursed amulet of inaccuracy {unknown}
 r - a cursed amulet of inaccuracy {unknown}
 u - an uncursed ring of ice {unknown}
Scrolls
 a - a scroll of teleportation {unknown}
 d - a scroll of amnesia {unknown}
 g - a scroll of remove curse
 p - a scroll of fog
 q - a scroll of fear {unknown}
 t - a scroll of enchant armour {unknown}
Potions
 f - a potion of invisibility {unknown}
 i - a potion of resistance
 j - a potion of agility {unknown}
 k - 2 potions of cancellation
 l - a potion of heal wounds {unknown}
 m - a potion of brilliance {unknown}
 o - a potion of degeneration {unknown}
 w - a potion of flight {unknown}
 z - a potion of experience {unknown}
Comestibles
 c - 4 rations
 A - 2 chunks of flesh


   Skills:
 + Level 4.4 Fighting
 * Level 4.4 Maces & Flails
 + Level 2.4 Armour
 - Level 0.8 Dodging
 + Level 4.0 Invocations


You had 5 spell levels left.
You didn't know any spells.
Your spell library was empty.

Dungeon Overview and Level Annotations

Branches:
Dungeon (4/15)
 Temple: D:4-7

Altars:
Gozag
Okawaru
Sif Muna


Innate Abilities, Weirdness & Mutations

You cannot be hasted, slowed, berserked, paralysed or teleported.
You can dig through walls and to a lower floor.
Your four strong arms can wield two-handed weapons with a shield.
((You have a pair of large antennae on your head. (SInv)))


Message History

The killer bee closely misses you. The killer bee stings you.
* * * LOW HITPOINT WARNING * * *
You feel better. The killer bee stings you. The killer bee barely misses you.
You closely miss the killer bee. The killer bee stings you.
* * * LOW HITPOINT WARNING * * *
You are poisoned.
The killer bee poisons you!
The killer bee stings you but does no damage.
You miss the killer bee.
You feel sick. The killer bee stings you.
* * * LOW HITPOINT WARNING * * *
You are lethally poisoned!
The killer bee poisons you! The killer bee stings you.
* * * LOW HITPOINT WARNING * * *
The killer bee stings you but does no damage.
It was a potion of lignification.
You turn into a tree.
Your +0 pair of boots melds into your body.
Your +0 ring mail melds into your body.
Your roots penetrate the ground.
* * * LOW HITPOINT WARNING * * *
You feel sick. The killer bee stings you.
You die...

#.....#.# #
#.....#.#
#.....#.#
#.....#.#
#.....#..
#.....#
###..[..#
#.......+
#♣#.....#
#y#......+
#y########
#y# #y# #.#
#.#########
#.##..(...#
#.##......#


You could see 4 killer bees.

Vanquished Creatures
  An orc priest (D:3)
  2 hounds
  An iguana (D:4)
  2 adders (D:2)
  2 oozes
  An adder skeleton (D:4)
  4 worms
  A dart slug (D:1)
  2 leopard geckos
  6 orcs (D:3)
  4 giant cockroaches
  4 goblins
  3 hobgoblins
  10 jackals
  7 kobolds
  2 bats
  5 frilled lizards
  11 rats
68 creatures vanquished.

Notes
Turn   | Place    | Note
-------+----------+-------------------------------------------
     0 | Abyss:1  | Philosiphyzer the Formicid Abyssal Knight began the quest for the Orb.
     0 | Abyss:1  | Reached XP level 1. HP: 18/18 MP: 2/2
    45 | Abyss:1  | Noticed an ancient zyme
    68 | Abyss:1  | Noticed a smoke demon
    71 | D:1      | Escaped the Abyss
   567 | D:1      | Reached * piety under Lugonu
   567 | D:1      | Reached XP level 2. HP: 20/24 MP: 3/3
  1121 | D:1      | Reached XP level 3. HP: 28/29 MP: 5/5
  1593 | D:2      | Reached XP level 4. HP: 28/37 MP: 6/6
  1890 | D:2      | Found an iron altar of Okawaru.
  2180 | D:2      | Reached XP level 5. HP: 37/42 MP: 7/7
  2244 | D:2      | Found an opulent altar of Gozag.
  2486 | D:2      | Found a deep blue altar of Sif Muna.
  3132 | D:3      | Reached ** piety under Lugonu
  3850 | D:4      | Reached XP level 6. HP: 49/49 MP: 8/8
  4073 | D:4      | HP: 2/49 [killer bee (3)]
  4074 | D:4      | Slain by a killer bee

Skill      XL: |  1  2  3  4  5  6 |
---------------+-------------------+-----
Maces & Flails | 3 4 |  4.4
Invocations    | 3 4 |  4.0
Fighting       | 4 |  4.4
Armour         | |  2.4
Dodging        | |  0.8

Action                   |  1- 3 |  4- 6 || total
-------------------------+-------+-------++-------
Melee: Mace              |    82 |   100 ||   182
       Flail             |       |    84 ||    84
Throw: Stone             |       |    32 ||    32
Invok: Depart the Abyss  |     1 |       ||     1
       Bend Space        |       |     1 ||     1
  Use: Scroll            |       |     5 ||     5
       Potion            |       |     6 ||     6
  Eat: Chunk             |     2 |     8 ||    10
Armor: Leather armour    |    21 |    28 ||    49
       Ring mail         |       |    42 ||    42
Dodge: Dodged            |    55 |   151 ||   206
